 Dungeon Crawl Stone Soup version 0.17.1-2-g5865329 (webtiles) character file.

1471 Grim the Archer (level 8, -2/62 HPs)
             Began as a Minotaur Hunter on Feb 12, 2016.
             Was a Believer of Dithmenos.
             Shot with an arrow by a centaur (6 damage)
             ... on level 5 of the Dungeon.
             The game lasted 00:15:54 (5591 turns).

Grim the Archer (Minotaur Hunter)                   Turns: 5591, Time: 00:15:54

Health: -2/62      AC:  7    Str: 17    XL:     8   Next: 49%
Magic:  7/7        EV: 11    Int:  8    God:    Dithmenos [**....]
Gold:   272        SH:  0    Dex: 13    Spells: 0 memorised, 7 levels left

rFire  x . .     SeeInvis +     a - +1 shortbow
rCold  + . .     Clarity  .     C - +0 ring mail
rNeg   . . .     SustAt   .     (shield currently unavailable)
rPois  .         Gourm    .     E - +0 hat
rElec  .         Spirit   .     r - +1 cloak
rCorr  .         Warding  .     (no gloves)
rMut   .         Stasis   .     (no boots)
MR     .....                    (no amulet)
Stlth  +.........               u - ring of ice
                                v - ring of see invisible

@: very slightly contaminated, hasted, wreathed by umbra, very quick, not
resistant to hostile enchantments, very unstealthy
A: retaliatory headbutt, horns 2
a: Shadow Step, Renounce Religion


You were on level 5 of the Dungeon.
You worshipped Dithmenos.
Dithmenos was pleased with you.
You were not hungry.

You visited 1 branch of the dungeon, and saw 5 of its levels.
You also visited: Sewer.

You collected 272 gold pieces.

Inventory:

Hand Weapons
 a - a +1 shortbow (weapon)
 b - a +0 short sword
Missiles
 d - 19 arrows (quivered)
 t - 2 arrows of dispersal
Armour
 r - a +1 cloak (worn)
 C - a +0 ring mail (worn)
 E - a +0 hat (worn)
Jewellery
 u - a ring of ice (right hand)
 v - a ring of see invisible (left hand)
Wands
 s - a wand of teleportation (0)
 y - a wand of slowing (24)
Scrolls
 e - a scroll of random uselessness {unknown}
 f - 2 scrolls of magic mapping
 g - a scroll of teleportation {unknown}
 h - a scroll of enchant weapon {unknown}
 n - 2 scrolls of remove curse
 o - a scroll of noise {unknown}
 z - a scroll of amnesia {unknown}
Potions
 j - a potion of mutation {!q}
Books
 q - a Grand Grimoire

   Spells                             Type                      Level
   a - Monstrous Menagerie            Summoning                    6
   b - Summon Greater Demon           Summoning                    7
   c - Malign Gateway                 Summoning/Translocation      7
   d - Summon Horrible Things         Summoning                    8
 x - a book of Callings

   Spells                             Type                      Level
   a - Summon Small Mammal            Summoning                    1
   b - Call Imp                       Summoning                    2
   c - Call Canine Familiar           Summoning                    3
   d - Summon Guardian Golem          Hexes/Summoning              3
   e - Summon Lightning Spire         Summoning/Air                4
   f - Summon Ice Beast               Ice/Summoning                4
Comestibles
 i - 3 meat rations
 w - 2 beef jerkies


   Skills:
 - Level 2.4 Fighting
 - Level 2.9 Short Blades
 * Level 11.5 Bows
 - Level 2.1 Dodging
 - Level 2.0 Stealth


You had 7 spell levels left.
You didn't know any spells.

Dungeon Overview and Level Annotations

Branches:
Dungeon (5/15)             Temple (0/1) D:5

Altars:
Dithmenos
Kikubaaqudgha
Makhleb
Okawaru
Ru
Xom
Yredelemnul
Zin
The Shining One


Innate Abilities, Weirdness & Mutations

You reflexively headbutt those who attack you in melee.
You have a pair of horns on your head.


Message History

As you read the scroll labeled LIOH YTHROELADE, it crumbles to dust.
The scroll dissolves into smoke.
It was a scroll of fog.
The centaur shoots an arrow.
The arrow hits you.
* * * LOW HITPOINT WARNING * * *
You see here an arrow.
Read which item? (? for menu, Esc to quit)
As you read the scroll labeled RYFIES PEPIPA, it crumbles to dust.
You assume a fearsome visage.
The centaur looks frightened!
It was a scroll of fear.
Cornered, the centaur turns to fight!
The centaur shoots an arrow.
The arrow hits you!
* * * LOW HITPOINT WARNING * * *
You see here an arrow.
Drink which item? (? for menu, Esc to quit)
It was a potion of haste.
You feel yourself speed up.
You are very lightly contaminated with residual magic.
The centaur shoots an arrow.
The arrow closely misses you.
You see here an arrow.
You open the door.
The centaur shoots an arrow.
The arrow hits you.
You die...

....c#######....#,,,,*,,,,,*,,,*
.....##...##c...#,,,,*,,,,,*,,,*
...........#....#,,,,*,,,,,*,,,*
...(.......#....#,,,,*,,,,,*,,,*
....§§§§...#....#,,,,*,,,,,*,,,*
.....§§....#....#,,,,*,,,,,*,,,*
.....##....#....#*,,,**,,,,*,,,*
######....c#....######******,,,*
#(#####....@'...#*,,,**,,,*
#.....#.....#....#,,,,*,,,*
#(....#.....#,...#,,,,*,,,*
#(....#######,,..+,,,,*,,,*
#.(...#,,,,**,,,##,,,,*,,,*
#....<#,,,,****+**,,,**,,,*
#.....#,,,,,,,,,*******,,,*
#.....#,,,,,,,,,*,,,,,,,,,*
#.....#,,,,,,,,,*,,,,,,,,,*


You could see a centaur.

Vanquished Creatures
  Grinder (D:5)
  Prince Ribbit (D:5)
  Sigmund (D:5)
  An ice beast (D:5)
  A crocodile (Sewer)
  A phantom (D:5)
  3 centaurs
  A hound (D:5)
  The ghost of Clownie the Caller, a weakling HESu (D:4)
  Crazy Yiuf (D:2)
  An iguana (D:4)
  A centaur skeleton (D:4)
  Natasha (thrice) (D:2 D:4)
  2 worker ants
  A hound skeleton (D:4)
  Robin (D:3)
  8 adders
  An ooze (D:1)
  A worm (D:5)
  4 giant geckos
  4 orcs
  12 bats
  6 giant cockroaches
  15 hobgoblins
  4 quokkas
  A giant cockroach zombie (D:5)
  2 giant newts
  22 goblins
  3 jackals (D:1)
  6 kobolds
  6 rats
116 creatures vanquished.

Notes
Turn   | Place    | Note
--------------------------------------------------------------
     0 | D:1      | Grim the Minotaur Hunter began the quest for the Orb.
     0 | D:1      | Reached XP level 1. HP: 18/18 MP: 0/0
    65 | D:1      | Reached skill level 1 in Stealth
   187 | D:1      | Reached XP level 2. HP: 25/25 MP: 1/1
   611 | D:1      | Reached skill level 5 in Bows
   747 | D:1      | Reached XP level 3. HP: 27/30 MP: 2/2
   944 | D:2      | Found an ancient bone altar of Kikubaaqudgha.
  1429 | D:2      | Noticed Natasha
  1436 | D:2      | Killed Natasha
  1436 | D:2      | Reached XP level 4. HP: 32/37 MP: 3/3
  1525 | D:2      | Found a shadowy altar of Dithmenos.
  1535 | D:2      | Became a worshipper of Dithmenos the Shadowed
  1930 | D:2      | Noticed Crazy Yiuf
  1988 | D:2      | Reached skill level 6 in Bows
  2078 | D:2      | Found a glowing golden altar of the Shining One.
  2153 | D:2      | Killed Crazy Yiuf
  2153 | D:2      | Reached skill level 1 in Short Blades
  2314 | D:2      | Found a glowing silver altar of Zin.
  2337 | D:3      | Noticed a centaur
  2665 | D:3      | Reached XP level 5. HP: 38/42 MP: 4/4
  2698 | D:3      | Killed a centaur
  2814 | D:3      | Found a burning altar of Makhleb.
  3124 | D:3      | Reached skill level 7 in Bows
  3288 | D:3      | Reached * piety under Dithmenos
  3478 | D:4      | Noticed Natasha
  3486 | D:4      | Killed Natasha
  3523 | D:4      | Noticed Natasha
  3538 | D:4      | Killed Natasha
  3555 | D:4      | Reached XP level 6. HP: 34/50 MP: 5/5
  3678 | D:4      | Noticed Robin
  3741 | D:3      | Killed Robin
  3894 | D:4      | Noticed Clownie's ghost (weakling HESu)
  3898 | D:4      | Killed Clownie's ghost
  3946 | D:4      | Found an iron altar of Okawaru.
  3949 | D:4      | Found a shimmering altar of Xom.
  3952 | D:4      | Found a basalt altar of Yredelemnul.
  3955 | D:4      | Found a sacrificial altar of Ru.
  4601 | D:5      | Entered Level 5 of the Dungeon
  4651 | D:5      | Reached skill level 8 in Bows
  4706 | D:5      | Noticed Prince Ribbit
  4724 | D:5      | Reached XP level 7. HP: 44/56 MP: 6/6
  4786 | D:5      | Reached skill level 9 in Bows
  4875 | D:5      | Killed Prince Ribbit
  4875 | D:5      | Reached ** piety under Dithmenos
  4930 | D:5      | Noticed Sigmund
  5014 | D:5      | Killed Sigmund
  5014 | D:5      | Reached skill level 10 in Bows
  5014 | D:5      | Reached XP level 8. HP: 43/62 MP: 7/7
  5042 | D:5      | Noticed Grinder
  5063 | D:5      | Killed Grinder
  5063 | D:5      | Reached skill level 11 in Bows
  5192 | D:5      | Found a glowing drain.
  5197 | Sewer    | Entered a sewer
  5460 | D:5      | Found a staircase to the Ecumenical Temple.
  5573 | D:5      | HP: 1/62 [centaur/arrow (8)]
  5591 | D:5      | Shot with an arrow by a centaur

Action                   |  1- 3 |  4- 6 |  7- 9 || total
-------------------------+-------+-------+-------++-------
Melee: Short sword       |     7 |   115 |    43 ||   165
       Shortbow          |       |       |     1 ||     1
 Fire: Shortbow          |    85 |   120 |    72 ||   277
  Use: Scroll            |       |     8 |     4 ||    12
       Potion            |       |     1 |     5 ||     6
  Eat: Chunk             |       |     3 |     1 ||     4
       Bread ration      |       |     2 |     1 ||     3
